 Dungeon Crawl Stone Soup version 0.23-a0-395-gcf17ac6 (webtiles) character file.

40 nixmar the Slasher (level 3, 30/30 HPs)
             Began as a Minotaur Gladiator on Nov 1, 2018.
             Quit the game on level 2 of the Dungeon.
             The game lasted 00:02:07 (913 turns).

nixmar the Slasher (Minotaur Gladiator)              Turns: 913, Time: 00:02:08

Health: 30/30      AC:  4    Str: 18    XL:     3   Next: 30%
Magic:  2/2        EV: 13    Int:  5    God:
Gold:   69         SH:  0    Dex: 12    Spells: 2/2 levels left

rFire    . . .     SeeInvis .   a - +0 long sword
rCold    . . .     Gourm    .   (no shield)
rNeg     . . .     Faith    .   b - +0 leather armour
rPois    .         Spirit   .   c - +0 hat
rElec    .         Reflect  .   j - +0 cloak
rCorr    .         Harm     .   (no gloves)
MR       .....                  (no boots)
Stlth    +.........             (no amulet)
HPRegen  0.10/turn              (no ring)
MPRegen  0.08/turn              (no ring)

@: no status effects
A: retaliatory headbutt, horns 2
a: no special abilities


You were on level 2 of the Dungeon.
You were not hungry.

You visited 1 branch of the dungeon, and saw 2 of its levels.

You collected 69 gold pieces.

Inventory:

Hand Weapons
 a - a +0 long sword (weapon)
Missiles
 Z - 3 throwing nets (quivered) {!d , @Q1}
Armour
 b - a +0 leather armour (worn)
 c - a +0 hat (worn)
 j - a +0 cloak (worn)
Jewellery
 o - a +2 ring of strength {unknown}
Scrolls
 f - a scroll of enchant weapon {unknown}
 g - a scroll of enchant armour {unknown}
 h - a scroll of random uselessness {unknown}
 q - a scroll of teleportation {unknown}
Potions
 d - a potion of haste {unknown}
 i - a potion of mutation {unknown}
 k - a potion of lignification {unknown}
 l - a potion of invisibility {unknown}
 m - a potion of heal wounds {unknown}
 n - a potion of curing {unknown}
 p - a potion of resistance {unknown}
Comestibles
 e - 4 rations


   Skills:
 - Level 2.4 Fighting
 + Level 4.5 Long Blades
 - Level 2.0 Throwing
 + Level 4.1 Dodging


You had 2 spell levels left.
You didn't know any spells.
Your spell library was empty.

Dungeon Overview and Level Annotations

Branches:
Dungeon (2/15)

Altars:


Innate Abilities, Weirdness & Mutations

You reflexively headbutt those who attack you in melee.
You have a pair of horns on your head.


Message History

A rat comes into view.
A rat is nearby!
No target in view!
No target in view!
No target in view!
No target in view!
No target in view!
No target in view!
No target in view!
No target in view!
No target in view!
No target in view!
No target in view!
No target in view!
No target in view!
Saving game... please wait.
Invalid key 'ins' in bindkey directive '[ins] CMD_RUN_DOWN_LEFT' Welcome back, nixmar the Minotaur Gladiator.
Press ? for a list of commands and other information.
Are you sure you want to abandon this character and quit the game? (Confirm

#####... ##.# #(#
########.# ###
#......... ## ...
#.######.#
....#.### #.# #.#
#.......### #.#
#.# #@..# #.# #.#
#.......#.# #.#
##.# ###.#.###.#
#.# #).# ... #.#
#.# #.## ##. #.#
#.# #.# #. #.#
#.#####.## #
#.#####.........
###..........##.##
#..............#..


There were no monsters in sight!

Vanquished Creatures
  A worm (D:2)
  A dart slug (D:1)
  A leopard gecko (D:1)
  2 ball pythons
  4 bats
  3 giant cockroaches (D:1)
  4 hobgoblins
  4 jackals (D:2)
  2 kobolds (D:1)
  2 frilled lizards
  5 goblins
  A rat (D:1)
30 creatures vanquished.

Notes
Turn   | Place    | Note
-------+----------+-------------------------------------------
     0 | D:1      | nixmar the Minotaur Gladiator began the quest for the Orb.
     0 | D:1      | Reached XP level 1. HP: 18/18 MP: 0/0
   140 | D:1      | Reached XP level 2. HP: 25/25 MP: 1/1
   790 | D:2      | Reached XP level 3. HP: 30/30 MP: 2/2
   913 | D:2      | Quit the game

Vault maps used:
D:1:      dpeg_arrival_lava_temple_mockup, minmay_misc_feat_room,
          chequers_serial_rivers_small_a
D:2:      amethyst_overflow_temple_binary, first_ration

Skill      XL: |  1  2 |
---------------+-------+-----
Long Blades    | 4 |  4.5
Dodging        | 4 |  4.1
Fighting       | |  2.4
Throwing       | |  2.0

Action                   || total
-------------------------++-------
Melee: Long sword        ||    60
       Headbutt          ||    10
Armor: Leather armour    ||    21
Dodge: Dodged            ||    52
       Rpst.: Long sword ||     6

Table legend:
 A = Non-vault XP
 B = Vault XP
 C = Vault XP percentage of total XP
 D = Non-vault monster count
 E = Vault monster count
 F = Vault count percentage of total count
                 A         B        C        D         E       F
            +---------+---------+-------+---------+---------+-------
      Total |      58 |       0 |   0.0 |      30 |       0 |   0.0
            +---------+---------+-------+---------+---------+-------
        D:1 |      34 |       0 |   0.0 |      18 |       0 |   0.0
        D:2 |      24 |       0 |   0.0 |      12 |       0 |   0.0
            +---------+---------+-------+---------+---------+-------
